TOP OF THE 1ST |
El Dorado Oilers batting - Pitching for New Orleans Looters : RHP Étienne Garcia
|
Pitching: RHP Étienne Garcia
|
|
Batting: RHB Nick Webb
|
0-0: Called Strike 0-1: Ground out 6-3 (Groundball, 6)
|
Batting: RHB José Carlos Caraballo
|
0-0: Swinging Strike 0-1: Ball 1-1: Foul Ball, location: 2F 1-2: Ground out 5-3 (Groundball, 56S)
|
Batting: LHB Tony Abete
|
0-0: SINGLE (Groundball, 34D)
|
Batting: RHB Valentín Borges
|
0-0: Called Strike 0-1: Ball 1-1: Foul Ball, location: 2F 1-2: Foul Ball, location: 2F 1-2: Strikes out swinging
|
Top of the 1st over - 0 run(s), 1 hit(s), 0 error(s), 1 left on base; El Dorado 0 - New Orleans 0 |
BOTTOM OF THE 1ST |
New Orleans Looters batting - Pitching for El Dorado Oilers : RHP Mark Anderson
|
Pitching: RHP Mark Anderson
|
|
Batting: SHB Arturo Sánchez
|
0-0: Foul Ball, location: 2F 0-1: Ball 1-1: SINGLE (Groundball, 2L) (infield hit)
|
Batting: RHB Stephen Shaw
|
0-0: Ball 1-0: Swinging Strike 1-1: Ground out 5-3 (Groundball, 56S) Arturo Sánchez to second
|
Batting: LHB Taylor Smith
|
0-0: Ball Arturo Sánchez is caught stealing 3rd base 1-0: Swinging Strike 1-1: Ball 2-1: Fly out, F7 (Flyball, 7D)
|
Bottom of the 1st over - 0 run(s), 1 hit(s), 0 error(s), 0 left on base; El Dorado 0 - New Orleans 0 |
TOP OF THE 2ND |
El Dorado Oilers batting - Pitching for New Orleans Looters : RHP Étienne Garcia
|
Batting: LHB José Hernández
|
0-0: Fly out, F4 (Popup, 4)
|
Batting: RHB Chris Parker
|
0-0: Ball 1-0: Foul Ball, location: 2F 1-1: Foul Ball, location: 2F 1-2: DOUBLE (Line Drive, 9D)
|
Batting: LHB José Martínez
|
0-0: Swinging Strike 0-1: Ball 1-1: Foul Ball, location: 2F 1-2: Ball 2-2: Strikes out looking
|
Batting: RHB Eric Johnson
|
0-0: Foul Ball, location: 2F 0-1: Ball 1-1: Ball 2-1: Foul Ball, location: 2F 2-2: Ball 3-2: Base on Balls
|
Batting: SHB Theron Harper
|
0-0: Ball 1-0: Ground out U3 (Groundball, 3L)
|
Top of the 2nd over - 0 run(s), 1 hit(s), 0 error(s), 2 left on base; El Dorado 0 - New Orleans 0 |
BOTTOM OF THE 2ND |
New Orleans Looters batting - Pitching for El Dorado Oilers : RHP Mark Anderson
|
Batting: LHB Eduardo Rodríguez
|
0-0: Called Strike 0-1: Called Strike 0-2: Fly out, F9 (Flyball, 9LSF)
|
Batting: LHB Miguel Colón
|
0-0: Ball 1-0: Called Strike 1-1: Ball 2-1: Ball 3-1: Base on Balls
|
Batting: RHB Run-ming Zhu
|
0-0: Called Strike 0-1: Ball 1-1: Ball 2-1: Fly out, F8 (Flyball, 8RM)
|
Batting: SHB Oliver Deleón
|
0-0: Ball Miguel Colón steals 2nd base 1-0: Swinging Strike 1-1: Ball 2-1: Called Strike 2-2: Foul Ball, location: 2F 2-2: Strikes out swinging
|
Bottom of the 2nd over - 0 run(s), 0 hit(s), 0 error(s), 1 left on base; El Dorado 0 - New Orleans 0 |
TOP OF THE 3RD |
El Dorado Oilers batting - Pitching for New Orleans Looters : RHP Étienne Garcia
|
Batting: RHB Nick Webb
|
0-0: Foul Ball, location: 2F 0-1: SINGLE (Groundball, 56S) (infield hit)
|
Batting: RHB José Carlos Caraballo
|
0-0: Called Strike 0-1: Ball 1-1: Ball 2-1: Called Strike 2-2: Strikes out looking
|
Batting: LHB Tony Abete
|
0-0: Ball 1-0: Called Strike 1-1: Ball 2-1: Foul Ball, location: 2F 2-2: Foul Ball, location: 2F 2-2: Strikes out swinging
|
Batting: RHB Valentín Borges
|
0-0: Ball 1-0: Ball 2-0: Foul Ball, location: 2F 2-1: SINGLE (Groundball, 6MD) Nick Webb to second Runner from 2nd tries for 3rd, OUT!
|
Top of the 3rd over - 0 run(s), 2 hit(s), 0 error(s), 1 left on base; El Dorado 0 - New Orleans 0 |
BOTTOM OF THE 3RD |
New Orleans Looters batting - Pitching for El Dorado Oilers : RHP Mark Anderson
|
Batting: RHB Rubén Vázquez
|
0-0: SINGLE (Flyball, 7S)
|
Batting: LHB Marcos Vargas
|
0-0: Ball 1-0: Ball 2-0: Ball 3-0: Base on Balls Rubén Vázquez to second
|
Batting: SHB Arturo Sánchez
|
0-0: Swinging Strike 0-1: Swinging Strike 0-2: DOUBLE (Line Drive, 9) Rubén Vázquez scores Marcos Vargas to third
|
Batting: RHB Stephen Shaw
|
0-0: Swinging Strike 0-1: Foul Ball, location: 2F 0-2: SINGLE (Groundball, 6MD) Marcos Vargas scores Arturo Sánchez to third Runner from 3rd tries for Home, SAFE, no throw
|
Batting: LHB Taylor Smith
|
0-0: Ball 1-0: Ball 2-0: Called Strike 2-1: Ball 3-1: Base on Balls Stephen Shaw to second
|
Batting: LHB Eduardo Rodríguez
|
0-0: Fly out, F7 (Flyball, 7LM)
|
Batting: LHB Miguel Colón
|
0-0: Swinging Strike 0-1: Ball 1-1: Swinging Strike 1-2: Ball 2-2: Ball 3-2: Base on Balls Stephen Shaw to third Taylor Smith to second
|
Batting: RHB Run-ming Zhu
|
0-0: DOUBLE (Groundball, 5L) Stephen Shaw scores Taylor Smith scores Miguel Colón to third
|
Batting: SHB Oliver Deleón
|
0-0: Called Strike 0-1: Ball 1-1: Ball 2-1: Fly out, F8 (Flyball, 8LXD) Runner from 3rd tags up, SCORES, no throw
|
Batting: RHB Rubén Vázquez
|
0-0: SINGLE (Line Drive, 7LM) Run-ming Zhu to third
|
Batting: LHB Marcos Vargas
|
0-0: Foul Ball, location: 2F 0-1: Foul Ball, location: 2F 0-2: Ball 1-2: Ball 2-2: DOUBLE (Line Drive, 8LXD) Run-ming Zhu scores Rubén Vázquez to third
|
Pitching: RHP Pete Cook
|
|
Batting: SHB Arturo Sánchez
|
0-0: Foul Ball, location: 2F 0-1: Ball 1-1: Foul Ball, location: 2F 1-2: Ball 2-2: Foul Ball, location: 2F 2-2: Fly out, F6 (Line Drive, 6)
|
Bottom of the 3rd over - 7 run(s), 6 hit(s), 0 error(s), 2 left on base; El Dorado 0 - New Orleans 7 |
TOP OF THE 4TH |
El Dorado Oilers batting - Pitching for New Orleans Looters : RHP Étienne Garcia
|
Batting: LHB José Hernández
|
0-0: Foul Ball, location: 2F 0-1: Swinging Strike 0-2: Strikes out looking
|
Batting: RHB Chris Parker
|
0-0: Ball 1-0: Called Strike 1-1: Called Strike 1-2: Ball 2-2: Foul Ball, location: 2F 2-2: Ball 3-2: SINGLE (Groundball, 34D)
|
Batting: LHB José Martínez
|
0-0: Ball 1-0: Swinging Strike 1-1: Ball 2-1: Ball 3-1: Fly out, F5 (Popup, 5S)
|
Batting: RHB Eric Johnson
|
0-0: Ball 1-0: Swinging Strike 1-1: Swinging Strike 1-2: Strikes out swinging
|
Top of the 4th over - 0 run(s), 1 hit(s), 0 error(s), 1 left on base; El Dorado 0 - New Orleans 7 |
BOTTOM OF THE 4TH |
New Orleans Looters batting - Pitching for El Dorado Oilers : RHP Pete Cook
|
Batting: RHB Stephen Shaw
|
0-0: Ball 1-0: Called Strike 1-1: Swinging Strike 1-2: Foul Ball, location: 2F 1-2: Strikes out swinging
|
Batting: LHB Taylor Smith
|
0-0: Called Strike 0-1: Ball 1-1: Ball 2-1: Ground out 4-3 (Groundball, 4S)
|
Batting: LHB Eduardo Rodríguez
|
0-0: SOLO HOME RUN (Flyball, 8RXD), Distance : 419 ft
|
Batting: LHB Miguel Colón
|
0-0: Ball 1-0: Fly out, F9 (Line Drive, 9)
|
Bottom of the 4th over - 1 run(s), 1 hit(s), 0 error(s), 0 left on base; El Dorado 0 - New Orleans 8 |
TOP OF THE 5TH |
El Dorado Oilers batting - Pitching for New Orleans Looters : RHP Étienne Garcia
|
Batting: SHB Theron Harper
|
0-0: SINGLE (Groundball, 34D)
|
Batting: RHB Nick Webb
|
0-0: Ball 1-0: Swinging Strike 1-1: Foul Ball, location: 2F 1-2: Fielders Choice at 2nd, 4-6 (Groundball, 4)
|
Batting: RHB José Carlos Caraballo
|
0-0: Swinging Strike 0-1: Ball 1-1: Called Strike 1-2: Ball 2-2: Fielders Choice at 2nd, 5-4 (Groundball, 5)
|
Batting: LHB Tony Abete
|
0-0: Ball 1-0: Fly out, F7 (Flyball, 7D)
|
Top of the 5th over - 0 run(s), 1 hit(s), 0 error(s), 1 left on base; El Dorado 0 - New Orleans 8 |
BOTTOM OF THE 5TH |
New Orleans Looters batting - Pitching for El Dorado Oilers : RHP Pete Cook
|
Batting: RHB Run-ming Zhu
|
0-0: Foul Ball, location: 2F 0-1: Ground out 4-3 (Groundball, 4)
|
Batting: SHB Oliver Deleón
|
0-0: Called Strike 0-1: Ground out 4-3 (Groundball, 4D)
|
Batting: RHB Rubén Vázquez
|
0-0: Called Strike 0-1: Ball 1-1: Swinging Strike 1-2: Ground out 6-3 (Groundball, 6)
|
Bottom of the 5th over - 0 run(s), 0 hit(s), 0 error(s), 0 left on base; El Dorado 0 - New Orleans 8 |
TOP OF THE 6TH |
El Dorado Oilers batting - Pitching for New Orleans Looters : RHP Étienne Garcia
|
Batting: RHB Valentín Borges
|
0-0: Foul Ball, location: 2F 0-1: Called Strike 0-2: Ball 1-2: Strikes out swinging
|
Batting: LHB José Hernández
|
0-0: Ball 1-0: Ball 2-0: Foul Ball, location: 2F 2-1: Swinging Strike 2-2: Strikes out swinging
|
Batting: RHB Chris Parker
|
0-0: SINGLE (Line Drive, 7LM)
|
Batting: LHB José Martínez
|
0-0: Foul Ball, location: 2F 0-1: Ball 1-1: Swinging Strike 1-2: Ball 2-2: Strikes out swinging
|
Top of the 6th over - 0 run(s), 1 hit(s), 0 error(s), 1 left on base; El Dorado 0 - New Orleans 8 |
BOTTOM OF THE 6TH |
New Orleans Looters batting - Pitching for El Dorado Oilers : RHP Pete Cook
|
Batting: LHB Marcos Vargas
|
0-0: Ball 1-0: Called Strike 1-1: Foul Ball, location: 2F 1-2: Ball 2-2: Ball 3-2: Ground out U3 (Groundball, 3)
|
Batting: SHB Arturo Sánchez
|
0-0: Fly out, F7 (Flyball, 78M)
|
Batting: RHB Stephen Shaw
|
0-0: Called Strike 0-1: Ball 1-1: Ball 2-1: Foul Ball, location: 2F 2-2: Fly out, F8 (Flyball, 8LD)
|
Bottom of the 6th over - 0 run(s), 0 hit(s), 0 error(s), 0 left on base; El Dorado 0 - New Orleans 8 |
TOP OF THE 7TH |
El Dorado Oilers batting - Pitching for New Orleans Looters : RHP Étienne Garcia
|
Batting: RHB Eric Johnson
|
0-0: Ball 1-0: SINGLE (Line Drive, 56)
|
Batting: SHB Theron Harper
|
0-0: Called Strike 0-1: Fly out, F8 (Flyball, 8LM)
|
Batting: RHB Nick Webb
|
0-0: Called Strike Eric Johnson steals 2nd base 0-1: Swinging Strike 0-2: Ball 1-2: Ball 2-2: Foul Ball, location: 2F 2-2: Fly out, F9 (Line Drive, 9D) Runner from 2nd tags up, SAFE at 3rd, no throw
|
Batting: RHB José Carlos Caraballo
|
0-0: SINGLE (Line Drive, 4D) Eric Johnson scores
|
Pitching: RHP Roy March
|
|
Batting: LHB Tony Abete
|
0-0: Ball 1-0: Called Strike 1-1: Called Strike 1-2: Strikes out swinging
|
Top of the 7th over - 1 run(s), 2 hit(s), 0 error(s), 1 left on base; El Dorado 1 - New Orleans 8 |
BOTTOM OF THE 7TH |
New Orleans Looters batting - Pitching for El Dorado Oilers : RHP Pete Cook
|
Batting: LHB Taylor Smith
|
0-0: Fly out, F7 (Flyball, 78XD)
|
Batting: LHB Eduardo Rodríguez
|
0-0: Ball 1-0: SOLO HOME RUN (Flyball, 8RXD), Distance : 431 ft
|
Batting: LHB Miguel Colón
|
0-0: Foul Ball, location: 2F 0-1: Called Strike 0-2: Fly out, F7 (Line Drive, 7)
|
Batting: RHB Run-ming Zhu
|
0-0: Ball 1-0: Ball 2-0: Ball 3-0: Base on Balls
|
Batting: SHB Oliver Deleón
|
0-0: Fly out, F4 (Line Drive, 4)
|
Bottom of the 7th over - 1 run(s), 1 hit(s), 0 error(s), 1 left on base; El Dorado 1 - New Orleans 9 |
TOP OF THE 8TH |
El Dorado Oilers batting - Pitching for New Orleans Looters : RHP Roy March
|
Batting: RHB Valentín Borges
|
0-0: Ball 1-0: Called Strike 1-1: Foul Ball, location: 2F 1-2: Strikes out swinging
|
Batting: LHB José Hernández
|
0-0: Ball 1-0: Swinging Strike 1-1: Called Strike 1-2: SINGLE (Groundball, 34D)
|
Batting: RHB Chris Parker
|
0-0: Grounds into double play, 6-4-3 (Groundball, 6)
|
Top of the 8th over - 0 run(s), 1 hit(s), 0 error(s), 0 left on base; El Dorado 1 - New Orleans 9 |
BOTTOM OF THE 8TH |
New Orleans Looters batting - Pitching for El Dorado Oilers : RHP Pete Cook
|
Batting: RHB Rubén Vázquez
|
0-0: Called Strike 0-1: Foul Ball, location: 2F 0-2: Ground out 1-3 (Groundball, P)
|
Batting: LHB Marcos Vargas
|
0-0: Ball 1-0: Ball 2-0: Called Strike 2-1: Foul Ball, location: 2F 2-2: Foul Ball, location: 2F 2-2: Foul Ball, location: 2F 2-2: Ground out 4-3 (Groundball, 4)
|
Batting: SHB Arturo Sánchez
|
0-0: SOLO HOME RUN (Line Drive, 9D), Distance : 358 ft
|
Pitching: RHP César López
|
|
Batting: RHB Stephen Shaw
|
0-0: Fly out, F9 (Flyball, 9D)
|
Bottom of the 8th over - 1 run(s), 1 hit(s), 0 error(s), 0 left on base; El Dorado 1 - New Orleans 10 |
TOP OF THE 9TH |
El Dorado Oilers batting - Pitching for New Orleans Looters : RHP Roy March
|
Batting: LHB José Martínez
|
0-0: Called Strike 0-1: Foul Ball, location: 2F 0-2: Ball 1-2: Foul Ball, location: 2F 1-2: Foul Ball, location: 2F 1-2: Foul Ball, location: 2F 1-2: Foul Ball, location: 2F 1-2: Strikes out swinging
|
Batting: RHB Eric Johnson
|
0-0: Ground out 5-3 (Groundball, 56S)
|
Batting: SHB Theron Harper
|
0-0: Swinging Strike 0-1: Ball 1-1: Ball 2-1: Foul Ball, location: 2F 2-2: Ball 3-2: Foul Ball, location: 2F 3-2: Foul Ball, location: 2F 3-2: Foul Ball, location: 2F 3-2: Ground out 6-3 (Groundball, 6)
|
Top of the 9th over - 0 run(s), 0 hit(s), 0 error(s), 0 left on base; El Dorado 1 - New Orleans 10 |
|